 Dungeon Crawl Stone Soup version 0.19.0-22-gd96e5fe (webtiles) character file.

14 Beholder179 the Magician (level 2, -1/19 HPs)
             Began as a Mummy Wizard on Nov 18, 2016.
             Slain by a kobold
             ... wielding a +0 short sword
              (5 damage)
             ... on level 2 of the Dungeon.
             The game lasted 00:02:40 (1167 turns).

Beholder179 the Magician (Mummy Wizard)             Turns: 1167, Time: 00:02:41

Health: -1/19      AC:  2    Str: 10    XL:     2   Next: 27%
Magic:  0/6        EV: 12    Int: 17    God:
Gold:   55         SH:  0    Dex: 10    Spells: 4 memorised, 0 levels left

rFire  x . .     SeeInvis .     a - +0 short sword
rCold  + . .     Gourm    .     d - +0 robe
rNeg   + + +     Faith    .     (no shield)
rPois  ∞         Spirit   .     b - +0 hat
rElec  .         Reflect  .     (no cloak)
rCorr  .         Harm     .     (no gloves)
MR     .....                    (no boots)
Stlth  ++........               (no amulet)
                                (no ring)
                                (no ring)

@: very slightly contaminated
A: no food or potions, fire vulnerability, cold resistance 1, negative energy
resistance 3, torment resistance, unbreathing
a: no special abilities


You were on level 2 of the Dungeon.
You were not hungry.

You visited 1 branch of the dungeon, and saw 2 of its levels.

You collected 55 gold pieces.

Inventory:

Hand Weapons
 a - a +0 short sword (weapon)
 e - a +3 short sword
 g - a +0 short sword of speed
Armour
 b - a +0 hat (worn)
 d - a +0 robe (worn)
Books
 c - a book of Minor Magic

   Spells                             Type                      Level
   a - Magic Dart                     Conjuration                  1
   b - Blink                          Translocation                2
   c - Call Imp                       Summoning                    2
   d - Repel Missiles                 Charms/Air                   2
   e - Slow                           Hexes                        2
   f - Conjure Flame                  Conjuration/Fire             3
   g - Mephitic Cloud                 Conjuration/Poison/Air       3


   Skills:
 - Level 1.5 Dodging
 - Level 1.5 Stealth
 * Level 3.4 Spellcasting
 + Level 1.2 Conjurations
 - Level 0.7 Summonings
 - Level 0.7 Translocations


You couldn't memorise any spells.
You knew the following spells:

 Your Spells              Type           Power        Failure   Level  Hunger
a - Magic Dart            Conj           #...         12%         1    N/A
b - Call Imp              Summ           #.......     21%         2    N/A
c - Slow                  Hex            #.......     30%         2    N/A
d - Blink                 Tloc           N/A          21%         2    N/A

Dungeon Overview and Level Annotations

Branches:
Dungeon (2/15)

Altars:


Innate Abilities, Weirdness & Mutations

You do not eat or drink.
Your flesh is vulnerable to fire.
You are immune to poison.
Your flesh is cold resistant. (rC+)
You are immune to negative energy. (rN+++)
You are immune to unholy pain and torment.
You can survive without breathing.


Message History

You miss the bat. The bat closely misses you.
You hit the bat.
You kill the bat!
As you read the scroll labeled POWUANL QEUMPA, it crumbles to dust.
You hear the chiming of a distant gong.
It was a scroll of random uselessness.
The kobold misses you.
You hit the kobold but do no damage. The kobold barely misses you.
The kobold misses you.
Casting: Slow
Confirm with . or Enter, or press ? or * to list all spells.
Aiming: Magic Dart
Press: ? - help, Shift-Dir - straight line, f/p - kobold
Aim: a kobold, wielding a short sword You miscast Magic Dart.
Nothing appears to happen.
The kobold completely misses you.
You closely miss the kobold. The kobold misses you.
You hit the kobold.
The kobold is moderately wounded.
The kobold hits you with a short sword.
You die...

.. #............
...#............
......#.........
.........S........
#.....####..$##...
..............+ ..
#.#.#..####..#S##
#.#..........#K#
#.#.......#..#@#
#.#.......#..#.#
#.#<.†....#..#.#
#.#...#.#.#..#.#
#.#.#........#.#
#.........#.##.#
###.#######.##.#
#.........##.#
###########


You could see an adder and a kobold.

Vanquished Creatures
  A dart slug (D:1)
  2 leopard geckos (D:1)
  A kobold (D:1)
  3 bats
  2 frilled lizards (D:1)
  2 rats
11 creatures vanquished.

Notes
Turn   | Place    | Note
-------+----------+-------------------------------------------
     0 | D:1      | Beholder179 the Mummy Wizard began the quest for the Orb.
     0 | D:1      | Reached XP level 1. HP: 13/13 MP: 4/4
   384 | D:1      | Reached skill level 1 in Conjurations
   440 | D:1      | Reached XP level 2. HP: 17/19 MP: 6/6
   461 | D:1      | Learned a level 2 spell: Blink
   464 | D:1      | Learned a level 2 spell: Call Imp
   467 | D:1      | Learned a level 2 spell: Slow
  1167 | D:2      | Slain by a kobold

Skill      XL: |  1 |
---------------+----+-----
Conjurations   | 1 |  1.2
Dodging        | |  1.5
Stealth        | |  1.5
Spellcasting   | |  3.4
Summonings     | |  0.7
Translocations | |  0.7

Action                   || total
-------------------------++-------
Melee: Short sword       ||    39
 Cast: Magic Dart        ||     9
       Slow              ||     1
  Use: Scroll            ||     1
Armor: Robe              ||    10
Dodge: Dodged            ||    27
